Map: Ruins of Endion

Players

SuMmErTimE

  • Race: Protoss Protoss
  • League: Master
  • Spawn Location: 7:00

starkiller - Winner!

  • Race: Zerg Zerg
  • League: Grandmaster
  • Spawn Location: 5:00

VOD

Have the link to the VOD?

Description

meeK vs starkiller

Time

  • Played on: April 4, 2016, 8:37 a.m.
  • Length: 4:55
Show
View Real Time Build Order
Export as new Build Order

SuMmErTimE Protoss 

Build Orders:  

Get SALT Encoding   

  12  0:01  Probe (Chrono Boost)  
  13  0:11  Probe (Chrono Boost)  
  14  0:22  Probe (Chrono Boost)  
  14  0:27  Pylon  
  15  0:46  Gateway  
  15  0:48  Gateway  
  15  0:57  Gateway  
  15  1:07  Gateway  
  15  1:16  Pylon  
  16  1:18  Probe (Chrono Boost)  
  16  1:37  Zealot x2 (Chrono Boost)  
  20  1:46  Zealot (Chrono Boost)  
  22  1:47  Pylon  
  22  1:57  Zealot (Chrono Boost)  
  26  2:03  Zealot (Chrono Boost)  
  26  2:07  Zealot (Chrono Boost)  
  30  2:19  Zealot (Chrono Boost)  
  34  2:30  Zealot (Chrono Boost)  
  34  2:31  Zealot (Chrono Boost)  
  34  2:38  Pylon  
  34  2:43  Zealot (Chrono Boost)  
  36  2:50  Zealot (Chrono Boost)  
  40  2:59  Zealot (Chrono Boost)  
  42  3:06  Zealot (Chrono Boost)  
  42  3:12  Zealot (Chrono Boost)  
  44  3:18  Zealot (Chrono Boost)  
  46  3:28  Zealot (Chrono Boost)  
  42  3:34  Zealot (Chrono Boost)  
  42  3:39  Zealot (Chrono Boost)  
Show
View Real Time Build Order
Export as new Build Order

starkiller Zerg - Winner!

Build Orders: Pool First 

Get SALT Encoding   

  12  0:04  Drone  
  13  0:15  Overlord  
  13  0:18  Drone  
  14  0:33  Drone  
  14  0:34  Drone  
  16  0:37  Drone  
  17  0:47  Extractor  
  17  0:48  Drone  
  17  0:52  Spawning Pool  
  16  0:58  Drone  
  17  1:19  Hatchery  
  17  1:22  Drone  
  17  1:26  Drone  
  18  1:38  Queen  
  20  1:47  Metabolic Boost  
  20  1:52  Zergling x4  
  22  2:00  Spine Crawler  
  21  2:02  Zergling x2  
  22  2:10  Overlord  
  22  2:17  Spine Crawler  
  22  2:32  Zergling x4  
  22  2:35  Zergling x2  
  25  2:39  Spine Crawler  
  24  2:46  Zergling x4  
  24  2:47  Zergling x2  
  27  2:59  Zergling x2  
  30  3:17  Zergling x2  
  30  3:19  Zergling x2  
  26  3:45  Hatchery  
Tags
 
Add a new tag
Caveats
  • Supply blocks, unpowered buildings, or Contaminate may cause inaccurate times.
  • Supply counts are checked every 10 seconds.